 Dungeon Crawl Stone Soup version 0.29.0-4-gdea44cf6ec (webtiles) character file.

Game seed: 11429829006547329013

54 qw the Chopper (level 3, -1/21 HPs)
             Began as a Tengu Warper on Aug 28, 2022.
             Slain by a worm (7 damage)
             ... on level 2 of the Dungeon.
             The game lasted 00:00:10 (1839 turns).

qw the Chopper (Tengu Warper)                       Turns: 1839, Time: 00:00:11

Health: -1/21      AC:  3    Str: 13    XL:     3   Next: 91%
Magic:  7/7        EV: 12    Int: 13    God:
Gold:   97         SH:  5    Dex: 13    Spells: 6/6 levels left

rFire   . . .      SeeInvis .   Y - +0 hand axe
rCold   . . .      Faith    .   (no shield)
rNeg    . . .      Spirit   .   b - +0 leather armour
rPois   .          Reflect  +   (helmet restricted)
rElec   .          Harm     .   (no cloak)
rCorr   .          Rampage  .   (no gloves)
Will    .....                   (boots unavailable)
Stlth   +.........              k - amulet of reflection
HPRegen 0.07/turn               (no ring)
MPRegen 0.10/turn               (no ring)

@: no status effects
A: beak, talons 3
a: no special abilities


You were on level 2 of the Dungeon.
You visited 1 branch of the dungeon, and saw 2 of its levels.

You collected 97 gold pieces.


Innate Abilities, Weirdness & Mutations

You have a beak for a mouth.
You have claws for feet.


   Skills:
 - Level 2.0 Fighting
 + Level 4.5 Axes
 - Level 1.0 Throwing
 - Level 1.1 Armour
 - Level 2.1 Dodging
 - Level 2.0 Spellcasting
 - Level 2.4 Translocations


You had 6 spell levels left.
You didn't know any spells.
Your spell library contained the following spells:

 Spells                   Type           Power      Damage    Failure   Level
 Blink                    Tloc           14%        N/A       19%         2
 Gell's Gravitas          Tloc           7%         N/A       36%         3
 Lesser Beckoning         Tloc           7%         N/A       36%         3
 Teleport Other           Tloc           7%         N/A       36%         3
 Manifold Assault         Tloc           7%         N/A       98%         5

Inventory:

Hand Weapons
 j - a +0 whip
 Y - a +0 hand axe (weapon)
Armour
 b - a +0 leather armour (worn)
 d - a +0 ring mail
Jewellery
 k - an amulet of reflection (around neck)
Scrolls
 c - 2 scrolls of teleportation {unknown}
 h - a scroll of identify
 l - a scroll of fear {unknown}
Potions
 a - a potion of degeneration {unknown}
 e - a potion of lignification {unknown}
 f - a potion of flight {unknown}
 g - 2 potions of experience {unknown}
 i - 2 potions of curing {unknown}
 m - a potion of attraction {unknown}

Dungeon Overview and Level Annotations

Branches:
Dungeon (2/15)

Altars:


Message History

A goblin comes into view. It is wielding a +0 club.
The goblin shouts!
Enter note:
Enter note:
Enter note:
Enter note:
Enter note:
Enter note:
Enter note: You hit the goblin.
The goblin is heavily wounded.
The goblin barely misses you.
You closely miss the goblin. You peck the goblin.
You kill the goblin!
m - a cyan potion
Things that are here:
a +0 club; a goblin corpse You open the door.
A worm comes into view.
You barely miss the worm. You hit the worm.
The worm is moderately wounded.
The worm bites you.
You hit the worm. You claw the worm, but do no damage. You peck the worm.
The worm is moderately wounded.
The worm bites you!
You barely miss the worm. You claw the worm, but do no damage.
The worm is moderately wounded.
You barely miss the worm.
The worm is moderately wounded.
The worm barely misses you.
You hit the worm but do no damage. You claw the worm.
The worm is moderately wounded.
The worm bites you.
You barely miss the worm.
The worm is moderately wounded.
You hit the worm. You claw the worm.
The worm is severely wounded.
The worm bites you!
You die...

###.#####+#....#....###
#.### # #.#
......#...)# #.# #
###.###........#....#
#.# #
##.............#....#
#.# #
#...###.#+#+#.....###
#.# # #+#.#
#.#.#.#.....+ #.# #
...%# #.#.#.#.....# #.#
# ....# #.#.#.#..w..# #
....# #.#.#.....@#
....###......###.#
#.....'....#.# #.#
#'#####....#.# #.#
.....#.....+.# #.#
.....#.....### #.#
~......##### #.#
~..).### #.# .....#


You could see a worm.

Vanquished Creatures
  An adder (D:2)
  A dart slug (D:2)
  A ball python (D:1)
  An endoplasm (D:2)
  3 giant cockroaches
  4 goblins
  4 hobgoblins
  5 jackals (D:1)
  3 quokkas (D:2)
  2 bats (D:2)
  A frilled lizard (D:2)
  7 kobolds
  3 rats
36 creatures vanquished.

Vanquished Creatures (others)
  38 plants (D:2)
38 creatures vanquished.

Grand Total: 74 creatures vanquished

Notes
Turn   | Place    | Note
-------+----------+-------------------------------------------
     0 | D:1      | qw the Tengu Warper began the quest for the Orb.
     0 | D:1      | Reached XP level 1. HP: 12/12 MP: 4/4
     0 | D:1      | 0 ||| qw: Version: 0.1-a-89-g26bdef1
     0 | D:1      | 0 ||| qw: Game counter: 2960
     0 | D:1      | 0 ||| qw: Always use a shield: true
     0 | D:1      | 0 ||| qw: God list: Okawaru
     0 | D:1      | 0 ||| qw: Allow faded altars: false
     0 | D:1      | 0 ||| qw: Do Orc after D:15 true
     0 | D:1      | 0 ||| qw: Do second Lair branch before Depths: true
     0 | D:1      | 0 ||| qw: Lair rune preference: random
     0 | D:1      | 0 ||| qw: Plans: Normal
     0 | D:1      | 0 ||| PLANNING D:1-11
    75 | D:1      | Found a faded altar of an unknown god.
    82 | D:1      | Reached XP level 2. HP: 10/17 MP: 6/6
   242 | D:1      | Reached skill level 3 in Axes
   732 | D:1      | 732 ||| DROPPING +0 club.
  1150 | D:1      | 1150 ||| DROPPING amulet of magic regeneration.
  1151 | D:1      | 1151 ||| UPGRADING to amulet of reflection.
  1156 | D:1      | 1156 ||| READING scroll labelled QEALLAMIOHA.
  1157 | D:1      | 1157 ||| READING 2 scrolls labelled YWU METALU.
  1158 | D:1      | 1158 ||| DROPPING scroll of blinking.
  1260 | D:2      | Reached XP level 3. HP: 21/21 MP: 7/7
  1362 | D:2      | Reached skill level 4 in Axes
  1536 | D:2      | 1536 ||| Stepping ~*~*~tactically~*~*~ (hiding).
  1538 | D:2      | 1538 ||| Stepping ~*~*~tactically~*~*~ (hiding).
  1539 | D:2      | 1539 ||| FLEEEEING.
  1540 | D:2      | 1540 ||| FLEEEEING.
  1541 | D:2      | 1541 ||| FLEEEEING.
  1542 | D:2      | 1542 ||| FLEEEEING.
  1543 | D:2      | 1543 ||| FLEEEEING.
  1544 | D:2      | 1544 ||| FLEEEEING.
  1546 | D:2      | 1546 ||| FLEEEEING.
  1547 | D:2      | 1547 ||| FLEEEEING.
  1548 | D:2      | 1548 ||| FLEEEEING.
  1549 | D:2      | 1549 ||| FLEEEEING.
  1550 | D:2      | 1550 ||| FLEEEEING.
  1552 | D:2      | 1552 ||| FLEEEEING.
  1556 | D:2      | 1556 ||| FLEEEEING.
  1557 | D:2      | 1557 ||| FLEEEEING.
  1558 | D:2      | 1558 ||| FLEEEEING.
  1559 | D:2      | 1559 ||| FLEEEEING.
  1560 | D:2      | 1560 ||| FLEEEEING.
  1561 | D:2      | 1561 ||| FLEEEEING.
  1566 | D:2      | 1566 ||| FLEEEEING.
  1567 | D:2      | 1567 ||| FLEEEEING.
  1568 | D:2      | 1568 ||| FLEEEEING.
  1571 | D:2      | 1571 ||| FLEEEEING.
  1572 | D:2      | 1572 ||| FLEEEEING.
  1573 | D:2      | 1573 ||| FLEEEEING.
  1574 | D:2      | 1574 ||| FLEEEEING.
  1581 | D:2      | 1581 ||| Stepping ~*~*~tactically~*~*~ (hiding).
  1839 | D:2      | Slain by a worm

Levels and vault maps discovered:
D:1:      minmay_arrival_wavy_path, layout_loops_corners,
          hellmonk_ecumenical_altar_dog_temple, ebering_dispersal_statue_hall
D:2:      layout_basic, serial_bayou_lagoon_a

Skill      XL: |  1  2  3 |
---------------+----------+-----
Axes           | 3 4 |  4.5
Fighting       | |  2.0
Throwing       | |  1.0
Armour         | |  1.1
Dodging        | |  2.1
Spellcasting   | |  2.0
Translocations | |  2.4

Action                   || total
-------------------------++-------
Melee: Hand axe          ||    77
       Kick              ||    17
       Peck              ||     9
Throw: Boomerang         ||     7
  Use: Scroll            ||     2
Armor: Leather armour    ||    23
Dodge: Dodged            ||    40
Block: Other             ||     6
       Reflection        ||     1

Table legend:
 A = Non-vault XP
 B = Vault XP
 C = Vault XP percentage of total XP
 D = Non-vault monster count
 E = Vault monster count
 F = Vault count percentage of total count
                 A         B        C        D         E       F
            +---------+---------+-------+---------+---------+-------
      Total |      72 |       6 |   7.7 |      33 |       3 |   8.3
            +---------+---------+-------+---------+---------+-------
        D:1 |      25 |       6 |  19.4 |      14 |       3 |  17.6
        D:2 |      47 |       0 |   0.0 |      19 |       0 |   0.0
            +---------+---------+-------+---------+---------+-------
